cohdb
Replays
Latest Replays
All Replays
Popular Replays
Top Player Replays
Match Explorer
How It Works
Community
CoH3 Stats
Reddit
Sign in to upload your games and track your stats! →
Sign in with Steam
Match 47273015
Unlisted
Match 47273015
Overview
Messages
Build Orders
End
Construct Barracks
Riflemen Squad
Riflemen Squad
Selects Heavy Weapons
Riflemen Squad
Construct Medical Station
Grenade Package
Mechanized Support Center
M1918 Browning Automatic Rifles
Selects Assault Carriers
Selects Exchangeable Parts
Construct Motor Pool
Engineer Squad
M3 75 mm Gun Motor Carriage
Designate Forward Repair Station
M3 75 mm Gun Motor Carriage
M24 Chaffee Light Tank
M24 Chaffee Light Tank
M16 Multiple Gun Motor Carriage
Engineer Squad
Salvage Crew
M16 Multiple Gun Motor Carriage
M16 Multiple Gun Motor Carriage
Engineer Squad
Engineer Squad
Selects M26 Pershing Heavy Tank
Rush
tweaky
United
~TAB~ THUND3RCHUNKY
0
0
Comments
sign in to comment!
No comments posted yet!